 Dungeon Crawl Stone Soup version 0.24-a0-619-gb7544fd (console) character file.

Game seed: 7403910980506862899, levelgen mode: deterministic

1036 vegansnacktivist the Magician (level 8, -2/54 HPs)
             Began as an Octopode Transmuter on Sept 16, 2019.
             Was a Follower of Okawaru.
             Slain by a gnoll
             ... wielding a +0 spear
              (8 damage)
             ... on level 5 of the Dungeon.
             The game lasted 00:09:45 (5427 turns).

vegansnacktivist the Magician (Octopode Transmuter) Turns: 5427, Time: 00:09:45

Health: -2/54      AC:  2    Str: 11      XL:     8   Next: 24%
Magic:  12/17      EV: 19    Int: 15      God:    Okawaru [*.....]
Gold:   158        SH:  0    Dex: 16 (18) Spells: 9/19 levels left

rFire    . . .     SeeInvis .     - Unarmed
rCold    + . .     Gourm    .   (shield currently unavailable)
rNeg     . . .     Faith    .   (helmet currently unavailable)
rPois    x         Spirit   .   (no amulet)
rElec    .         Reflect  .   t - ring of protection from cold
rCorr    .         Harm     .   (no ring)
MR       .....                  (no ring)
Stlth    +.........             (no ring)
HPRegen  0.18/turn              (no ring)
MPRegen  0.15/turn              (no ring)
                                (no ring)
                                (no ring)

@: spider-form (expiring), very slightly contaminated
A: tiny, almost no armour, stealthy swim, (amphibious), 8 rings, (constrict 8)
a: End Transformation, Heroism, Renounce Religion


You were on level 5 of the Dungeon.
You worshipped Okawaru.
Okawaru was aware of your devotion.
You were not hungry.
You were a venomous arachnid creature.
You visited 1 branch of the dungeon, and saw 6 of its levels.

You collected 158 gold pieces.

Inventory:

Missiles
 a - 26 arrows
 v - 8 poisoned darts (quivered)
Jewellery
 t - a ring of protection from cold (left front leg)
Wands
 n - a wand of random effects (9)
Scrolls
 d - 2 scrolls of immolation
 f - 3 scrolls of remove curse
 j - a scroll of fog
Potions
 b - a potion of heal wounds
 e - a potion of brilliance {unknown}
 i - 2 potions of mutation
 k - a potion of magic
 l - a potion of lignification
 m - 2 potions of degeneration
 o - a potion of haste {unknown}
 p - a potion of invisibility {unknown}
 r - a potion of cancellation {unknown}
Comestibles
 c - 12 rations
 g - 2 chunks of flesh


   Skills:
 - Level 4.0 Fighting
 - Level 2.0 Dodging
 - Level 4.1 Unarmed Combat
 - Level 6.3 Spellcasting
 + Level 4.6 Transmutations


You had 9 spell levels left.
You knew the following spells:

 Your Spells              Type           Power        Failure   Level  Hunger
a - Beastly Appendage     Tmut           ###...       9%          1    None
b - Sticks to Snakes      Tmut           ###.....     11%         2    #......
c - Spider Form           Tmut/Pois      ##........   36%         3    ##.....
d - Ice Form              Ice/Tmut       ##......     71%         4    ####...

Your spell library contained the following spells:

 Spells                   Type           Power        Failure   Level  Hunger
 Blade Hands              Tmut           ###.......   73%         5    ######.


Dungeon Overview and Level Annotations

Branches:
Dungeon (6/15)
 Temple: D:4-7

Altars:
Dithmenos
Elyvilon
Gozag
Nemelex Xobeh
Okawaru
The Shining One


Innate Abilities, Weirdness & Mutations

You cannot wear most types of armour.
You are very stealthy in the water. (Stealth+)
((You are amphibious.))
You can wear up to eight rings at the same time.
((You can use your tentacles to constrict eight enemies at once.))
((Your skin changes colour to match your surroundings (Stealth+).))
((Your rubbery body absorbs attacks. (AC +1, EV +1)))


Message History

You hit the gnoll.
The gnoll looks as sick as possible!
The gnoll is severely wounded.
The gnoll barely misses you. The gnoll closely misses you.
You barely miss the gnoll.
The gnoll is almost dead.
The gnoll barely misses you. The gnoll completely misses you.
You hit the gnoll.
You kill the gnoll!
Okawaru accepts your kill. The gnoll misses you. The gnoll barely misses you.
You see here 2 throwing nets.
You hit the gnoll.
The gnoll is poisoned.
The gnoll is lightly wounded.
The gnoll hits you with a +0 spear.
* * * LOW HITPOINT WARNING * * *
You hit the gnoll but do no damage.
The gnoll looks as sick as possible!
The gnoll is moderately wounded.
The gnoll hits you with a +0 spear!
You die...

#.#..# #.# ######
####.##.# ##.# #....#
.....##.######..###.#..#
...รท.......##..#......#
....###....##......####
.#....#....##...####
...........#....#
...............g#####
....#....####...s)..#
......##..###..####.#
.###.###......## .# . #.
#.##....####.#
...##.##.#........
.##.........####... .#
#.....?..g# ###
.............
...........##..


You could see a gnoll.

Vanquished Creatures
  Sigmund (D:4)
  An ice beast (D:5)
  2 ogres
  A centaur (D:6)
  A water moccasin skeleton (D:5)
  A crimson imp (D:4)
  A hound (D:5)
  Crazy Yiuf (D:2)
  Jessica (D:3)
  2 iguanas
  Terence (D:2)
  4 worker ants
  Robin (D:3)
  3 gnolls (D:5)
  7 adders
  7 worms
  2 dart slugs
  5 leopard geckos
  An orc (D:4)
  A giant cockroach (D:1)
  19 goblins
  10 hobgoblins
  A ball python (D:1)
  6 bats
  2 frilled lizards
  A goblin skeleton (D:4)
  2 goblin zombies (D:4)
  A jackal zombie (D:2)
  7 kobolds
  A kobold skeleton (D:4)
  A kobold zombie (D:4)
  3 orc skeletons (D:4)
  3 orc zombies (D:4)
  10 rats
111 creatures vanquished.

Vanquished Creatures (others)
  A plant (D:4)
1 creature vanquished.

Grand Total: 112 creatures vanquished

Notes
Turn   | Place    | Note
-------+----------+-------------------------------------------
     0 | D:1      | vegansnacktivist the Octopode Transmuter began the quest
                  | for the Orb.
     0 | D:1      | Reached XP level 1. HP: 13/13 MP: 3/3
    65 | D:1      | Reached XP level 2. HP: 9/18 MP: 3/5
   585 | D:1      | Reached XP level 3. HP: 6/23 MP: 4/6
  1026 | D:2      | Found an opulent altar of Gozag.
  1180 | D:2      | Noticed Terence
  1429 | D:2      | Learned a level 2 spell: Sticks to Snakes
  1433 | D:2      | Learned a level 3 spell: Spider Form
  1447 | D:2      | Killed Terence
  1447 | D:2      | Reached XP level 4. HP: 30/30 MP: 1/7
  1523 | D:2      | Found a runed translucent door.
  1524 | D:2      | Noticed Crazy Yiuf
  1536 | D:2      | Killed Crazy Yiuf
  1622 | D:2      | Found a shadowy altar of Dithmenos.
  1850 | D:2      | You fall into a shaft and drop 1 floor!
  2093 | D:2      | Found a sparkling altar of Nemelex Xobeh.
  2148 | D:3      | Reached XP level 5. HP: 33/36 MP: 8/8
  2151 | D:3      | Found an iron altar of Okawaru.
  2735 | D:3      | Noticed Robin
  2755 | D:3      | Killed Robin
  3009 | D:3      | Found a white marble altar of Elyvilon.
  3146 | D:3      | Noticed an ogre
  3150 | D:3      | Killed an ogre
  3150 | D:3      | Reached XP level 6. HP: 43/43 MP: 9/9
  3392 | D:3      | Noticed Jessica
  3398 | D:3      | Killed Jessica
  3454 | D:3      | Became a worshipper of Warmaster Okawaru
  3795 | D:4      | Noticed Sigmund
  3836 | D:4      | Reached skill level 3 in Spellcasting
  3898 | D:4      | Killed Sigmund
  3898 | D:4      | Reached * piety under Okawaru
  3898 | D:4      | Reached skill level 4 in Spellcasting
  3898 | D:4      | Reached XP level 7. HP: 16/48 MP: 8/13
  4112 | D:4      | Learned a level 4 spell: Ice Form
  4130 | D:4      | Found a glowing golden altar of the Shining One.
  4417 | D:4      | You fall into a shaft and drop 2 floors!
  4425 | D:6      | Reached skill level 5 in Spellcasting
  4437 | D:6      | Found a sparkling altar of Nemelex Xobeh.
  4441 | D:6      | Noticed a hippogriff
  4456 | D:6      | HP: 1/48 [worker ant (4)]
  4457 | D:5      | Entered Level 5 of the Dungeon
  4986 | D:5      | HP: 1/48 [water moccasin skeleton (4)]
  4987 | D:5      | Reached XP level 8. HP: 1/54 MP: 14/16
  5354 | D:5      | Reached skill level 6 in Spellcasting
  5427 | D:5      | Slain by a gnoll

Levels and vault maps discovered:
D:1:      sevenhm_arrival_forest_fort_small_3, layout_loops_cross,
          minmay_pentomino_w4
D:2:      lemuel_upstairs_altar, layout_basic, marbit_many_paths, serial_forest,
          infiniplex_forest_clump_tiny, infiniplex_forest_straight_4,
          infiniplex_forest_clump_long, infiniplex_forest_end_2,
          infiniplex_forest_side_room, nicolae_gozag_seed_capital, uniq_terence,
          uniq_crazy_yiuf_cottage
D:3:      layout_basic, elyvilon_altar_4, okawaru_metal_pillars_3, uniq_robin,
          uniq_jessica
D:4:      layout_rooms, serial_bayou, serial_bayou_pond_c, serial_bayou_pond_b,
          serial_bayou_pond_a, serial_bayou_ford_a, serial_bayou_pond_a,
          corexii_checkpoint_b, wad_floor_pattern_untrapped,
          nicolae_tso_besieged_by_evil, uniq_sigmund
D:5:      layout_rooms, tgw_sif, enter_ossuary_4, first_ration,
          gup_sewer_entry_bowl, uniq_pikel
D:6:      layout_cave_pools, nicolae_overflow_crystal_walls, old_standard_altar,
          fedhas_bush_and_centaur_altar

Skill      XL: |  1  2  3  4  5  6  7  8 |
---------------+-------------------------+-----
Unarmed Combat | 4 |  4.1
Fighting       | 2 3 4 |  4.0
Transmutations | 3 4 |  4.6
Spellcasting   | 4 5 6 |  6.3
Dodging        | |  2.0

Action                   |  1- 3 |  4- 6 |  7- 9 || total
-------------------------+-------+-------+-------++-------
Melee: Unarmed           |    76 |   107 |    90 ||   273
       Constrict         |    20 |    26 |    21 ||    67
       Tentacles         |     6 |    14 |     9 ||    29
       Kick              |     5 |     7 |    18 ||    30
       Punch             |     2 |     1 |     4 ||     7
Throw: Dart              |       |       |     5 ||     5
 Cast: Beastly Appendage |     7 |     8 |     8 ||    23
       Spider Form       |     1 |     4 |     2 ||     7
       Sticks to Snakes  |       |       |     1 ||     1
       Ice Form          |       |       |     1 ||     1
Evoke: Wand              |       |     4 |       ||     4
  Use: Scroll            |       |     4 |     8 ||    12
       Potion            |       |     1 |     3 ||     4
 Stab: Sleeping          |     4 |    10 |       ||    14
  Eat: Chunk             |     2 |     8 |     2 ||    12
       Ration            |       |       |     1 ||     1
Armor: Skin              |    11 |     2 |     9 ||    22
Dodge: Dodged            |    53 |    57 |    68 ||   178

Table legend:
 A = Non-vault XP
 B = Vault XP
 C = Vault XP percentage of total XP
 D = Non-vault monster count
 E = Vault monster count
 F = Vault count percentage of total count
                 A         B        C        D         E       F
            +---------+---------+-------+---------+---------+-------
      Total |    1049 |     431 |  29.1 |      76 |      35 |  31.5
            +---------+---------+-------+---------+---------+-------
        D:1 |      29 |      11 |  27.5 |      18 |       7 |  28.0
        D:2 |      55 |      74 |  57.4 |      17 |       3 |  15.0
        D:3 |     176 |      70 |  28.5 |      20 |      11 |  35.5
        D:4 |     245 |     276 |  53.0 |       9 |      14 |  60.9
        D:5 |     432 |       0 |   0.0 |      11 |       0 |   0.0
        D:6 |     112 |       0 |   0.0 |       1 |       0 |   0.0
            +---------+---------+-------+---------+---------+-------
